 Dungeon Crawl Stone Soup version 0.23.2 (webtiles) character file.

Game seed: 11521271278391589626

44 Menchi the Stinger (level 3, -2/24 HPs)
             Began as a Formicid Venom Mage on Apr 11, 2019.
             Killed from afar by Sigmund (8 damage)
             ... with a magic dart
             ... on level 2 of the Dungeon.
             The game lasted 00:05:41 (1846 turns).

Menchi the Stinger (Formicid Venom Mage)            Turns: 1846, Time: 00:05:42

Health: -2/24      AC:  2    Str: 12    XL:     3   Next: 85%
Magic:  2/6        EV: 12    Int: 14    God:
Gold:   39         SH:  0    Dex: 12    Spells: 6/7 levels left

rFire    . . .     SeeInvis +   d - +0 dagger
rCold    . . .     Gourm    .   (no shield)
rNeg     . . .     Faith    .   a - +0 robe
rPois    .         Spirit   .   (helmet unavailable)
rElec    .         Reflect  .   (no cloak)
rCorr    .         Harm     .   (no gloves)
MR       .....                  (no boots)
Stlth    ++........             (no amulet)
HPRegen  0.08/turn              (no ring)
MPRegen  0.10/turn              (no ring)

@: no status effects
A: permanent stasis, dig shafts and tunnels, four strong arms, antennae 3
a: Dig, Shaft Self


You were on level 2 of the Dungeon.
You were hungry.

You visited 1 branch of the dungeon, and saw 2 of its levels.

You collected 39 gold pieces.

Inventory:

Hand Weapons
 d - a +0 dagger (weapon)
Armour
 a - a +0 robe (worn)
Scrolls
 f - 2 scrolls of remove curse
Potions
 b - a potion of curing
 e - a potion of flight
 g - a potion of brilliance {unknown}
 i - 3 potions of heal wounds
 j - a potion of haste {unknown}
Comestibles
 c - a ration


   Skills:
 * Level 1.3 Armour
 + Level 1.8 Dodging
 * Level 3.5 Stealth
 + Level 2.5 Spellcasting
 + Level 1.2 Conjurations
 + Level 4.3 Poison Magic


You had 6 spell levels left.
You knew the following spells:

 Your Spells              Type           Power        Failure   Level  Hunger
a - Sting                 Conj/Pois      #...         8%          1    #......

Your spell library contained the following spells:

 Spells                   Type           Power        Failure   Level  Hunger
 Poisonous Vapours        Pois/Air       #.....       14%         2    ###....
 Mephitic Cloud           Conj/Pois/Air  #.......     32%         3    ###....
 Olgreb's Toxic Radiance  Pois           ##......     36%         4    #####..
 Venom Bolt               Conj/Pois      #.........   90%         5    ######.


Dungeon Overview and Level Annotations

Branches:
Dungeon (2/15)

Altars:

Annotations:
D:2 Sigmund


Innate Abilities, Weirdness & Mutations

You cannot be hasted, slowed, berserked, paralysed or teleported.
You can dig through walls and to a lower floor.
Your four strong arms can wield two-handed weapons with a shield.
You have a pair of large antennae on your head. (SInv)


Message History

Aiming: Sting (safe; 8% risk of failure)
Press: ? - help, Shift-Dir - straight line, f/p - Sigmund
Aim: Sigmund, wielding a +0 scythe and wearing a +0 robe (moderately wounded)
The sting hits Sigmund.
Sigmund is poisoned.
Sigmund is moderately wounded.
Sigmund screams, "Die, monster!"
Sigmund hits you from afar with a +0 scythe.
Casting: Sting (safe; 8% risk of failure)
Confirm with . or Enter, or press ? or * to list all spells.
Aiming: Sting (safe; 8% risk of failure)
Press: ? - help, Shift-Dir - straight line, f/p - Sigmund
Aim: Sigmund, wielding a +0 scythe and wearing a +0 robe (moderately wounded, poisoned)
The sting hits Sigmund.
Sigmund looks even sicker.
Sigmund is heavily wounded.
Sigmund hits you from afar with a +0 scythe.
* * * LOW HITPOINT WARNING * * *
A jackal comes into view.
Sigmund points at you and mumbles some strange words.
The magic dart hits you!
You die...

###### # #....# ##### #
#....# #...# ## #....#
#...####. #....#
#######.....##.
###....####.....#.....##.
#..................).....
#>h.@...@................
#.#########.###.......##.
# ........# ####....##.
######### #.......
######## {


You could see Sigmund and a jackal (wandering).

Vanquished Creatures
  An adder (D:2)
  2 worms (D:2)
  A dart slug (D:1)
  A bat (D:1)
  A giant cockroach (D:1)
  5 goblins
  5 hobgoblins (D:1)
  3 frilled lizards (D:1)
  3 kobolds (D:1)
  4 rats (D:1)
26 creatures vanquished.

Notes
Turn   | Place    | Note
-------+----------+-------------------------------------------
     0 | D:1      | Menchi the Formicid Venom Mage began the quest for the Orb.
     0 | D:1      | Reached XP level 1. HP: 13/13 MP: 3/3
   265 | D:1      | Reached XP level 2. HP: 14/19 MP: 1/5
   744 | D:1      | Reached skill level 1 in Armour
   979 | D:1      | Reached XP level 3. HP: 21/24 MP: 4/6
  1189 | D:2      | Reached skill level 1 in Conjurations
  1832 | D:2      | Noticed Sigmund
  1846 | D:2      | Killed from afar by Sigmund

Skill      XL: |  1  2  3 |
---------------+----------+-----
Stealth        | 3 |  3.5
Armour         | 1 |  1.3
Conjurations   | 1 |  1.2
Dodging        | |  1.8
Spellcasting   | |  2.5
Poison Magic   | |  4.3

Action                   || total
-------------------------++-------
Melee: Unarmed           ||     9
       Dagger            ||    52
 Cast: Sting             ||    62
  Use: Scroll            ||     3
       Potion            ||     1
 Stab: Sleeping          ||     4
  Eat: Chunk             ||     3
Armor: Robe              ||    12
Dodge: Dodged            ||    34
